 Dungeon Crawl Stone Soup version 0.19-a0-1021-g80cc50c (webtiles) character file.

70 GordonOverkill the Skirmisher (level 4, 0/42 HPs)
             Began as a Hill Orc Assassin on July 27, 2016.
             Slain by a rat (2 damage)
             ... on level 3 of the Dungeon.
             The game lasted 00:03:40 (2301 turns).

GordonOverkill the Skirmisher (Hill Orc Assassin)   Turns: 2301, Time: 00:03:41

Health: 0/42       AC:  1    Str: 14    XL:     4   Next: 22%
Magic:  4/4        EV:  9    Int: 11    God:
Gold:   127        SH:  0    Dex: 12    Spells: 0 memorised, 3 levels left

rFire  + . .     SeeInvis .     a - +2 dagger
rCold  . . .     Gourm    .     r - +2 scale mail {rF+}
rNeg   . . .     Faith    .     (no shield)
rPois  .         Spirit   .     (no helmet)
rElec  .         Dismiss  .     d - +0 cloak
rCorr  .         Reflect  .     (no gloves)
SustAt .         Harm     .     (no boots)
MR     .....                    (no amulet)
Stlth  ++........               s - ring of wizardry
                                n - ring of stealth

@: corroded, not resistant to hostile enchantments, unstealthy
A: no striking features
a: no special abilities


You were on level 3 of the Dungeon.
You were not hungry.

You visited 1 branch of the dungeon, and saw 3 of its levels.

You collected 127 gold pieces.

Inventory:

Hand Weapons
 a - a +2 dagger (weapon)
 b - a +0 blowgun
Missiles
 e - 19 poisoned needles
 f - 2 curare-tipped needles
Armour
 d - a +0 cloak (worn)
 r - a +2 scale mail of fire resistance (worn)
 t - a +0 plate armour
Jewellery
 n - a ring of stealth (left hand)
 s - a ring of wizardry (right hand)
Wands
 q - a wand of lightning (4/15)
Scrolls
 c - 2 scrolls of amnesia {unknown}
 h - a scroll of remove curse {unknown}
 j - 2 scrolls of noise {unknown}
 m - a scroll of enchant weapon {unknown}
 o - a scroll of teleportation {unknown}
 p - a scroll of identify {unknown}
 u - a scroll of random uselessness {unknown}
 w - a scroll of magic mapping {unknown}
Potions
 i - a potion of curing {unknown}
 v - a potion of lignification {unknown}
Comestibles
 g - 2 bread rations
 k - a meat ration
 l - 6 fruits


   Skills:
 + Level 5.2 Fighting
 - Level 2.0 Short Blades
 - Level 1.7 Throwing
 - Level 0.7 Dodging
 - Level 3.2 Stealth


You had 3 spell levels left.
You didn't know any spells.

Dungeon Overview and Level Annotations

Branches:
Dungeon (3/15)

Altars:

Annotations:
D:3 Ijyb


Message History

Ijyb shouts!
Ijyb zaps a wand.
The bolt of acid hits you! The acid corrodes you!
The acid burns!
It is a wand of acid.
You miss the bat. The bat barely misses you.
You hit the bat but do no damage. The bat hits you but does no damage. x2
A giant newt comes into view.
You hit the bat but do no damage. The bat hits you but does no damage.
The bat hits you.
You hit the rat but do no damage. The bat hits you but does no damage.
Ijyb zaps a wand.
The bolt of acid hits you!
* * * LOW HITPOINT WARNING * * *
The acid corrodes you!
The acid burns!
* * * LOW HITPOINT WARNING * * *
The bat hits you but does no damage. The rat barely misses you.
You are too injured to fight recklessly!
Unknown command.
The bat hits you.
* * * LOW HITPOINT WARNING * * *
The bat hits you but does no damage. The rat bites you.
You die...

..####...##
#....$....#
#.....l..#
#...!....#
#........#
#..g....#
#..br...#
#..b.@..#
#.........#
#..........#
...#(......#
.. #%#######
# #. . ..


You could see Ijyb, 2 bats, a giant newt and a rat.

Vanquished Creatures
  Terence (D:2)
  3 worms (D:2)
  2 dart slugs
  2 bats
  A giant cockroach (D:2)
  3 goblins (D:1)
  9 hobgoblins
  3 kobolds (D:1)
  3 giant newts (D:1)
  4 rats
31 creatures vanquished.

Notes
Turn   | Place    | Note
-------+----------+-------------------------------------------
     0 | D:1      | GordonOverkill the Hill Orc Assassin began the quest for the Orb.
     0 | D:1      | Reached XP level 1. HP: 18/18 MP: 1/1
   137 | D:1      | Reached skill level 3 in Fighting
   302 | D:1      | Reached XP level 2. HP: 15/26 MP: 2/2
   942 | D:1      | Reached skill level 4 in Fighting
  1102 | D:1      | Reached XP level 3. HP: 33/33 MP: 3/3
  1490 | D:2      | Noticed Terence
  1563 | D:2      | HP: 1/34 [Terence/mace (3)]
  1565 | D:2      | Killed Terence
  1565 | D:2      | Reached skill level 5 in Fighting
  1565 | D:2      | Reached XP level 4. HP: 2/42 MP: 4/4
  2295 | D:3      | Noticed Ijyb
  2301 | D:3      | HP: 2/42 [bat (1)]
  2301 | D:3      | Slain by a rat

Vault maps used:
D:1:      co_arrival_square_in_a_square_in_a_square
D:2:      uniq_terence
D:3:      ecumenical_altar_1, uniq_iyjb

Skill      XL: |  1  2  3 |
---------------+----------+-----
Fighting       | 3 4 5 |  5.2
Short Blades   | |  2.0
Throwing       | |  1.7
Dodging        | |  0.7
Stealth        | |  3.2

Action                   |  1- 3 |  4- 6 || total
-------------------------+-------+-------++-------
Melee: Dagger            |   153 |    23 ||   176
 Stab: Sleeping          |     3 |       ||     3
  Eat: Chunk             |     2 |     2 ||     4
Armor: Ring mail         |    48 |       ||    48
       Scale mail        |       |    13 ||    13
Dodge: Dodged            |    66 |     9 ||    75
